 Dungeon Crawl Stone Soup version 0.29.1 (webtiles) character file.

Game seed: 5413284799694968499

256 mtoz the Chopper (level 5, 0/46 HPs)
             Began as a Minotaur Gladiator on Sept 14, 2022.
             Slain by a gnoll
             ... wielding a +0 halberd
              (13 damage)
             ... on level 3 of the Dungeon.
             The game lasted 00:08:02 (2271 turns).

mtoz the Chopper (Minotaur Gladiator)               Turns: 2271, Time: 00:08:03

Health: 0/46       AC:  6    Str: 21    XL:     5   Next: 92%
Magic:  4/4        EV: 11    Int:  5    God:
Gold:   115        SH:  0    Dex: 11    Spells: 4/4 levels left

rFire   . . .      SeeInvis .   a - +0 war axe
rCold   . . .      Faith    .   (no shield)
rNeg    . . .      Spirit   .   g - +0 scale mail
rPois   .          Reflect  .   c - +0 hat
rElec   .          Harm     .   (no cloak)
rCorr   .          Rampage  .   (no gloves)
Will    .....                   (no boots)
Stlth   ..........              (no amulet)
HPRegen 0.15/turn               (no ring)
MPRegen 0.09/turn               (no ring)

@: no status effects
A: horns 2, retaliatory headbutt
a: no special abilities


You were on level 3 of the Dungeon.
You visited 1 branch of the dungeon, and saw 3 of its levels.

You collected 115 gold pieces.

Inventory:

Hand Weapons
 a - a +0 war axe (weapon)
 i - a +0 spear
 l - a +0 scythe
Missiles
 b - 8 stones (quivered)
 d - 3 throwing nets
 e - a javelin
 m - 5 poisoned darts
Armour
 c - a +0 hat (worn)
 g - a +0 scale mail (worn)
Scrolls
 f - a scroll of fear {unknown}
 h - 3 scrolls of identify {unknown}
 k - a scroll of amnesia {unknown}
Potions
 j - 4 potions of brilliance {unknown}
 n - a potion of ambrosia {unknown}


   Skills:
 + Level 4.2 Fighting
 + Level 5.1 Axes
 + Level 3.4 Throwing
 + Level 4.6 Dodging


You had 4 spell levels left.
You didn't know any spells.
Your spell library contained the following spells:

 Spells                   Type           Power      Damage    Failure   Level
 Beastly Appendage        Tmut           0%         N/A       83%         1
 Gell's Gravitas          Tloc           0%         N/A       99%         3
 Lesser Beckoning         Tloc           0%         N/A       99%         3
 Teleport Other           Tloc           0%         N/A       99%         3


Dungeon Overview and Level Annotations

Branches:
Dungeon (3/15)

Altars:
Nemelex Xobeh
Sif Muna

Shops:
D:2 [


Innate Abilities, Weirdness & Mutations

You have a pair of horns on your head.
You reflexively headbutt those who attack you in melee.


Message History

Found a dagger.
The gnoll shouts!
A gnoll comes into view. It is wielding a +0 halberd.
You closely miss the ball python. You headbutt the ball python.
You kill the ball python!
The gnoll throws a throwing net.
The throwing net barely misses you. The gnoll hits you with a +0 club.
You closely miss the gnoll. The gnoll hits you but does no damage.
You hit the gnoll.
The gnoll is lightly wounded.
You closely miss the gnoll. The gnoll barely misses you.
The gnoll closely misses you.
You slash the gnoll! You headbutt the gnoll.
You kill the gnoll!
You closely miss the gnoll. The gnoll hits you but does no damage.
The gnoll hits you with a +0 club.
You hit the gnoll.
The gnoll is moderately wounded.
The gnoll barely misses you.
You closely miss the gnoll.
The gnoll is moderately wounded.
The gnoll hits you but does no damage. The gnoll barely misses you.
You hit the gnoll.
The gnoll is heavily wounded.
The gnoll hits you with a +0 club! The gnoll barely misses you.
The gnoll hits you from afar with a +0 halberd!
The gnoll barely misses you.
You are too injured to fight recklessly!
You are too injured to fight recklessly!
You are too injured to fight recklessly!
You completely miss the gnoll.
The gnoll is heavily wounded.
The gnoll hits you but does no damage.
The gnoll hits you from afar with a +0 halberd!
You barely miss the gnoll.
The gnoll is heavily wounded.
The gnoll hits you with a +0 club.
* * * LOW HITPOINT WARNING * * *
The gnoll hits you from afar with a +0 halberd!
You die...

##..........
#########
#...........
........#
#.......†...
.....)..#
#...<.......
≈≈≈≈≈≈..#
#...........
≈≈≈≈≈≈..#
#...........
≈......g#
#..........†
≈.....)g#
####..........
####@###..†......#.|.
#........###########.
#._...(### #.
#....### ## ..
.......# # ..
##.#.### ### # #.
..... #####.. # #.##
##.## #####.....# ##
..#####.##
##.....#####


You could see 2 gnolls.

Vanquished Creatures
  Sigmund (D:2)
  2 adders
  A gnoll (D:3)
  2 worms (D:2)
  3 dart slugs (D:2)
  An orc (D:3)
  5 endoplasms
  3 giant cockroaches
  6 goblins
  2 hobgoblins (D:1)
  4 jackals
  3 quokkas
  6 ball pythons
  4 bats
  13 frilled lizards
  6 kobolds
  5 rats
67 creatures vanquished.

Notes
Turn   | Place    | Note
-------+----------+-------------------------------------------
     0 | D:1      | mtoz the Minotaur Gladiator began the quest for the Orb.
     0 | D:1      | Reached XP level 1. HP: 18/18 MP: 0/0
   148 | D:1      | Found a faded altar of an unknown god.
   160 | D:1      | Got Plato's Treatise on Variation
   277 | D:1      | Reached XP level 2. HP: 25/25 MP: 1/1
   415 | D:1      | Reached skill level 4 in Axes
   963 | D:2      | Reached XP level 3. HP: 16/31 MP: 2/2
  1620 | D:2      | Found Vyqih's Armour Boutique.
  1753 | D:2      | Reached XP level 4. HP: 38/38 MP: 3/3
  1907 | D:2      | Noticed Sigmund
  1914 | D:2      | Killed Sigmund
  1915 | D:2      | Reached skill level 5 in Axes
  1915 | D:2      | Reached XP level 5. HP: 37/46 MP: 4/4
  2141 | D:3      | Identified the ring "Enazut" {Fire rN++}
  2193 | D:3      | Found a shimmering blue altar of Sif Muna.
  2256 | D:3      | Found a sparkling altar of Nemelex Xobeh.
  2271 | D:3      | Slain by a gnoll

Illustrated notes

Levels and vault maps discovered:
D:1:      saegor_arrival_fortress, layout_basic,
          shapermc_ecumenical_altar_rom_forum, chequers_serial_rivers_micro_d,
          minmay_lizard_pond
D:2:      layout_loops_ring, serial_shops,
          nicolae_shop_temple_entry_statues_fountains, uniq_sigmund
D:3:      layout_rooms, mainiacjoe_overflow_chevrons,
          mainiacjoe_overflow_surrounded_room

Skill      XL: |  1  2  3  4 |
---------------+-------------+-----
Axes           | 4 5 |  5.1
Fighting       | 3 4 |  4.2
Dodging        | 4 |  4.6
Throwing       | 3 |  3.4

Action                   |  1- 3 |  4- 6 || total
-------------------------+-------+-------++-------
Melee: War axe           |    81 |    37 ||   118
       Headbutt          |    12 |     5 ||    17
Throw: Javelin           |     2 |       ||     2
       Throwing net      |     1 |       ||     1
       Stone             |     2 |     3 ||     5
Armor: Scale mail        |    38 |    21 ||    59
Dodge: Dodged            |    36 |    28 ||    64
